 Dungeon Crawl Stone Soup version 0.26-a0-812-g31a745ddcd (webtiles) character file.

Game seed: 15342890976086902819

2 Dracia the Skirmisher (level 1, 18/18 HPs)
             Began as a Demonspawn Fighter on Dec 4, 2020.
             Got out of the dungeon alive.
             The game lasted 00:00:19 (70 turns).

Dracia the Skirmisher (Demonspawn Fighter)            Turns: 70, Time: 00:00:20

Health: 18/18      AC:  6    Str: 16    XL:     1   Next: 25%
Magic:  1/1        EV:  6    Int:  9    God:
Gold:   0          SH:  8    Dex: 12    Spells: 0/0 levels left

rFire    . . .     SeeInvis .   a - +0 trident
rCold    . . .     Faith    .   c - +0 kite shield
rNeg     . . .     Spirit   .   b - +0 scale mail
rPois    .         Reflect  .   (no helmet)
rElec    .         Harm     .   (no cloak)
rCorr    .         Rampage  .   (no gloves)
MR       .....                  (no boots)
Stlth    ..........             (no amulet)
HPRegen  0.06/turn              (no ring)
MPRegen  0.07/turn              (no ring)

@: no status effects
A: no striking features
a: no special abilities


You escaped.
You visited 1 branch of the dungeon, and saw 1 of its levels.


   Skills:
 + Level 3.0 Fighting
 + Level 1.8 Polearms
 - Level 2.6 Armour
 + Level 2.7 Shields


You couldn't memorise any spells.
You didn't know any spells.
Your spell library was empty.

Inventory:

Hand Weapons
 a - a +0 trident (weapon)
Armour
 b - a +0 scale mail (worn)
 c - a +0 kite shield (worn)
Scrolls
 e - a scroll of immolation {unknown}
Potions
 d - a potion of might

Dungeon Overview and Level Annotations

Branches:
Dungeon (1/15)

Altars:

....#...#.......####...
#######.#######..# #.
#≈≈#.......#≈≈#..#
#≈#.........#≈#..#
##...........##...
#.(...........#....
#.............##....
#.............#
........@.......
.#.............#
#.............#
#.............#
##...........##
#≈#.........#≈#
#≈≈#.......#≈≈#
######.######


There were no monsters in sight!


Message History

Okay, then.
Unknown command.
(D) Dungeon
Where to? (? - help)
Okay, then.
Unknown command.
A bat comes into view.
The bat hits you but does no damage. The bat barely misses you.
The bat barely misses you. The bat hits you but does no damage.
The bat hits you but does no damage. The bat completely misses you.
You hit the bat but do no damage. The bat hits you but does no damage.
You reach to attack!
You closely miss the bat. The bat hits you but does no damage. x2
Your scale mail prevents you from hitting the bat.
You block the bat's attack. The bat hits you but does no damage.
You reach to attack!
You closely miss the bat. The bat hits you but does no damage.
You reach to attack!
You closely miss the bat. The bat hits you but does no damage.
You miss the bat. The bat hits you. The bat hits you but does no damage.
You closely miss the bat. The bat hits you but does no damage.
You reach to attack!
You hit the bat.
You kill the bat!
No target in view!
No target in view!
There is a staircase leading out of the dungeon here.
Are you sure you want to leave the Dungeon?
This will make you lose the game!
You have escaped!

Action                   || total
-------------------------++-------
Melee: Trident           ||     9
Armor: Scale mail        ||    11
Dodge: Dodged            ||     3
Block: Kite shield       ||     1

Levels and vault maps discovered:
D:1:      psy_arrival_dodecagon, layout_rooms, minivault_25, minmay_pentomino_o2

Notes
Turn   | Place    | Note
-------+----------+-------------------------------------------
     0 | D:1      | Dracia the Demonspawn Fighter began the quest for the Orb.
     0 | D:1      | Reached XP level 1. HP: 18/18 MP: 1/1
    70 | D:$      | Got out of the dungeon alive.

Vanquished Creatures
  A bat (D:1)
  A rat (D:1)
2 creatures vanquished.

Table legend: (Time is in decaauts)
 A = Elapsed time spent in this place.
 B = Non-inter-level travel time spent in this place.
 C = Inter-level travel time spent in this place.
 D = Time resting spent in this place.
 E = Time spent auto-exploring this place.
 F = Levels seen in this place.
 G = Mean time per level.
                   A        B        C        D        E       F      G
               +--------+--------+--------+--------+--------+-----+--------+
         Total |     72 |     52 |     20 |      0 |     29 |   1 |   72.0 |
       Dungeon |     72 |     52 |     20 |      0 |     29 |   1 |   72.0 |
               +--------+--------+--------+--------+--------+-----+--------+

Top non-repeatable levels by time:
     D:1: 72 daAuts

Table legend:
 A = Non-vault XP
 B = Vault XP
 C = Vault XP percentage of total XP
 D = Non-vault monster count
 E = Vault monster count
 F = Vault count percentage of total count
                 A         B        C        D         E       F
            +---------+---------+-------+---------+---------+-------
      Total |       3 |       0 |   0.0 |       2 |       0 |   0.0
            +---------+---------+-------+---------+---------+-------
        D:1 |       3 |       0 |   0.0 |       2 |       0 |   0.0
            +---------+---------+-------+---------+---------+-------
